 Dungeon Crawl Stone Soup version 0.30.0-19-g36f170ea60 (webtiles) character file.

Game seed: 16702854642439867979

103 jagang the Cutter (level 5, -1/34 HPs)
             Began as a Kobold Berserker on June 1, 2023.
             Was a Priest of Trog.
             Slain by a kobold brigand
             ... wielding a +0 dagger
              (7 damage)
             ... in a sewer.
             The game lasted 00:05:58 (1973 turns).

jagang the Cutter (Kobold Berserker)                Turns: 1973, Time: 00:05:59

Health: -1/34      AC:  6    Str: 16    XL:     5   Next: 6%
Magic:  5/5        EV: 15    Int:  8    God:    Trog [***...]
Gold:   148        SH:  0    Dex: 15    Spells: 4/4 levels left

rFire   . . .        a - +0 short sword
rCold   . . .        (no shield)
rNeg    . . .        b - +0 animal skin
rPois   .            (no helmet)
rElec   .            n - +2 cloak
rCorr   .            (no gloves)
SInv    .            c - +0 pair of boots
Will    .....        (no amulet)
Stlth   ++           (no ring)
HPRegen 0.25/turn    (no ring)
MPRegen 0.09/turn

%: no passive effects
@: lethally poisoned (-1 -> -4), slowed, very slow
A: small, no large weapons, nightstalker 3
a: Renounce Religion, Berserk, Trog's Hand


You were in a sewer.
You worshipped Trog.
Trog was most pleased with you.
You visited 1 branch of the dungeon, and saw 3 of its levels.
You also visited: Sewer.

You collected 148 gold pieces.

Inventory:

Hand Weapons
 a - a +0 short sword (weapon)
Armour
 b - a +0 animal skin (worn)
 c - a +0 pair of boots (worn)
 n - a +2 cloak (worn)
Wands
 o - a wand of flame (25)
Scrolls
 e - 4 scrolls of identify {unknown}
 f - 3 scrolls of amnesia {unknown}
 g - a scroll of fog {unknown}
 i - a scroll of silence {unknown}
 j - a scroll of teleportation {unknown}
 k - 2 scrolls of enchant weapon {unknown}
 l - a scroll of brand weapon {unknown}
Potions
 d - a potion of flight {unknown}
 h - a potion of curing {unknown}
 m - a potion of might {unknown}


   Skills:
 * Level 4.5 Fighting
 + Level 4.7 Short Blades
 + Level 2.2 Armour
 + Level 3.3 Dodging


You had 4 spell levels left.
You didn't know any spells.
Your spell library contained the following spells:

 Spells                   Type           Power      Damage    Failure   Level
 Volatile Blastmotes      Fire/Tloc      0%         2d10      78%         3
 Fulminant Prism          Conj/Hex       0%         3d5       99%         4
 Iskenderun's Mystic Bla  Conj/Tloc      0%         2d3       99%         4
 Lee's Rapid Deconstruct  Erth           0%         3d4*      100%        5


Dungeon Overview and Level Annotations

Branches:
Dungeon (3/15)              Sewer (1/1)

Altars:
Nemelex Xobeh


Innate Abilities, Weirdness & Mutations

You are small and have problems with some larger weapons.
You are completely attuned to the shadows.


Message History

You barely miss the kobold. You hit the kobold.
You kill the kobold!
Trog accepts your kill.
You hear a splash.
You enter the shallow water.
Moving in this stuff is going to be slow.
You see here a +0 club.
You enter the shallow water.
Moving in this stuff is going to be slow.
You enter the shallow water.
Moving in this stuff is going to be slow.
The kobold brigand shouts!
You hear a shout!
The kobold brigand throws a curare-tipped dart.
The curare-tipped dart hits you.
You are poisoned.
You have difficulty breathing.
You feel yourself slow down.
You enter the shallow water.
Moving in this stuff is going to be slow.
You feel extremely sick.
You feel extremely sick. The kobold brigand misses you.
The kobold brigand hits you with a +0 dagger.
A kobold brigand comes into view.
It is wielding a +0 short sword and quivering poisoned darts.
You barely miss the kobold brigand.
* * * LOW HITPOINT WARNING * * *
You feel very sick. The kobold brigand misses you.
You barely miss the kobold brigand.
You feel sick.
The kobold brigand hits you but does no damage.
The kobold brigand throws a poisoned dart.
The poisoned dart barely misses you.
You hit the kobold brigand but do no damage.
You feel sick. The kobold brigand misses you.
The kobold brigand splashes around in the water.
You hit the kobold brigand.
The kobold brigand is lightly wounded.
You feel sick.
The kobold brigand hits you with a +0 dagger!
You die...

##.~≈~.
################..~≈~~
~~~~~~~~~~~~~~~~~~~≈~.
################..~≈~.
#..~≈~~ #)~~≈~~
#.~≈≈≈~ #~~≈≈≈~
#@K≈≈≈~ #.~~~~.
#.~K~.. ####.## ..


You could see 2 kobold brigands.

Vanquished Creatures
  An adder (D:2)
  2 river rats
  4 dart slugs
  An orc (D:3)
  6 bats
  7 endoplasms
  5 giant cockroaches
  4 hobgoblins
  6 jackals
  4 quokkas
  8 ball pythons
  4 frilled lizards (D:1)
  2 goblins
  5 kobolds
  7 rats
66 creatures vanquished.

Notes
Turn   | Place    | Note
-------+----------+-------------------------------------------
     0 | D:1      | jagang the Kobold Berserker began the quest for the Orb.
     0 | D:1      | Reached XP level 1. HP: 14/14 MP: 1/1
   131 | D:1      | Reached XP level 2. HP: 15/19 MP: 2/2
   345 | D:1      | Reached XP level 3. HP: 24/24 MP: 3/3
   432 | D:1      | Reached ** piety under Trog
  1017 | D:2      | Reached XP level 4. HP: 24/29 MP: 4/4
  1649 | D:3      | Found a sparkling altar of Nemelex Xobeh.
  1739 | D:3      | Found a glowing drain.
  1799 | Sewer    | Entered a sewer
  1836 | Sewer    | Reached XP level 5. HP: 32/34 MP: 5/5
  1900 | Sewer    | Noticed a kobold brigand
  1936 | Sewer    | Reached *** piety under Trog
  1969 | Sewer    | Noticed a kobold brigand
  1973 | Sewer    | Slain by a kobold brigand

Illustrated notes

Levels and vault maps discovered:
D:1:      minmay_arrival_shattered_statue, layout_rooms
D:2:      layout_loops_ring
D:3:      layout_loops_ring, nemelex_dance_club_becter,
          mainiacjoe_overflow_chevrons,
          mainiacjoe_overflow_concentric_impassable, portal_sewer_entry_e
Sewer:    sewer_kobolds

Skill      XL: |  1  2  3 |
---------------+----------+-----
Fighting       | 4 |  4.5
Dodging        | 3 |  3.3
Armour         | 2 |  2.2
Short Blades   | |  4.7

Action                     |  1- 3 |  4- 6 || total
---------------------------+-------+-------++-------
  Melee: Short sword       |   164 |   172 ||   336
         Punch             |     2 |       ||     2
   Stab: Sleeping          |     9 |     5 ||    14
         Distracted        |     1 |       ||     1
 Armour: Animal skin       |    20 |    27 ||    47
  Dodge: Dodged            |   104 |   158 ||   262
